AoeStats
← TheRemover

Arena

510745639Analyzed
3v3 RM · 7h ago on Oct 2, 2026· 12m 15s· 6 players
Game mode
Random Map
Map size
Normal (6 player)
Population
200
Speed
Normal
Resources
Standard
Victory
Conquest
Starting age
Dark Age
Ending age
Imperial Age
RankedLock teamsTeams togetherTeam positionsShared explorationLock speedFull tech treeHidden civsTurbo modeCheats
Victory
Defeat
🇦🇺 Teutons · Australia
1189
+16
🇦🇺 Bohemians · Australia
1180
+16
🇦🇺 Danes · Australia
1152
+17
🇦🇷 Cumans · Argentina
1199
-17
🇺🇸 Spanish · United States
1175
-16
🇨🇱 Turks · Chile
1164
-16
droger144
10:46 Feudal Age
10:38 Loom
TheRemover
9:40 Loom
13:18 Feudal Age
choripan con chimi
10:36 Feudal Age
11:35 Man-at-Arms
murrayj
10:17 Feudal Age
14:03 Castle Age
Adavi306
5:16 Loom
9:44 Feudal Age
10:31 Double-Bit Axe
Incitatus
10:36 Feudal Age
14:19 Castle Age
Connection lost

Rejoining the realm…

Still unreachable

The connection could not be restored.

Session expired

The server has moved on; the page needs a fresh start.